 Dungeon Crawl Stone Soup version 0.32-a0-665-g3d30ec2550 (webtiles) character file.

Game seed: 10600253375940469563

245448 Konar the Warrior (level 19, -1/147 HPs)
             Began as a Coglin Hunter on Mar 9, 2024.
             Was the Champion of Hepliaklqana.
             Slain by Vodoagguu the Head Instructor
             ... wielding a +1 antimagic triple sword
              (29 damage)
             ... in a wizard's laboratory.
             The game lasted 00:47:52 (31461 turns).

Konar the Warrior (Coglin Hunter)                  Turns: 31461, Time: 00:47:53

Health: -1/147     AC: 20    Str: 13    XL:     19   Next: 48%
Magic:  0/26       EV: 27    Int: 14    God:    Hepliaklqana [******]
Gold:   1843       SH:  0    Dex: 23    Spells: 18/18 levels left

rFire   + + .        a - +4 sling (freeze) {Eunkyung}
rCold   x . .        c - +2 hand cannon (heavy) {Arun}
rNeg    . . .        x - +3 salamander hide armour {Flames, rFlCloud rF++ rC--}
rPois   +            s - +2 helmet
rElec   +            t - +2 cloak
rCorr   .            v - +0 pair of gloves of Resonance {rElec rPois Int+6 Dex-2}
SInv    .            Q - +2 pair of boots
Will    +....        (amulet unavailable)
Stlth   ++           (ring unavailable)
HPRegen 0.44/turn    (ring unavailable)
MPRegen 0.20/turn    L - superexperimental transmogrifier {RevParry, rC+ Slay+3}

%: no passive effects
@: revving
A: reduced essence, off-hand wielding, slow wielding, warmup strikes, no
jewellery
}: 2/15 runes: decaying, serpentine
a: Renounce Religion, Recall Ancestor, Ancestor Identity, Transference, Idealise


You were in a wizard's laboratory.
You worshipped Hepliaklqana.
Hepliaklqana was exalted by your worship.
You visited 7 branches of the dungeon, and saw 32 of its levels.
You visited 1 bazaar.
You also visited: Bailey, Gauntlet, Ice Cave and Wizlab.

You collected 3450 gold pieces.
You spent 1607 gold pieces at shops.

Inventory:

Hand Weapons
 a - a +4 sling of freezing (weapon) {Eunkyung}
 c - a +2 heavy hand cannon (offhand) {Arun}
 d - a +0 sling {Yeongsuk}
Missiles
 D - 5 curare-tipped darts
 I - a throwing net
Armour
 s - a +2 helmet (worn)
 t - a +2 cloak (worn)
 v - the +0 pair of gloves of Resonance (worn) {rElec rPois Int+6 Dex-2}
   (You found it on level 4 of the Dungeon)

   Int+6:     It affects your intelligence (+6).
   Dex-2:     It affects your dexterity (-2).
   rElec:     It insulates you from electricity.
   rPois:     It protects you from poison.
 x - the +3 salamander hide armour (worn) {Flames, rFlCloud rF++ rC--}
   (You found it on level 6 of the Dungeon)

   Flames:    It surrounds you with flame clouds and enhances your fire magic.
   rFlCloud:  It grants immunity to flame clouds.
   rF++:      It greatly protects you from fire.
   rC--:      It makes you very vulnerable to cold.
 Q - a +2 pair of boots (worn)
 U - a +2 ring mail of willpower
 X - the +5 ice dragon scales of Dramatic Exits {rF- rC++ Regen+}
   (You found it in an ice cave)

   rF-:       It makes you vulnerable to fire.
   rC++:      It greatly protects you from cold.
   Regen+:    It increases your rate of health regeneration.
 Y - a +0 leather armour of resistance
Gizmo
 L - a superexperimental transmogrifier (installed) {RevParry, rC+ Slay+3}
   (You invented it yourself on level 3 of the Lair of Beasts)

   [superexperimental transmogrifier]

   RevParry:  Your AC increases as you Rev (up to +5) and while fully Revved,
   your attacks may disarm enemies.
   Slay+3:    It affects your accuracy & damage with ranged weapons and melee
   (+3).
   rC+:       It protects you from cold.
Jewellery
 O - the necklace of Bloodlust {Fury *Rage Will++ Int-3 Slay+6}
   (You found it in a Gauntlet)

   [amulet of nothing]

   Fury:      It extends the wearer's berserk rage when killing foes.
   Int-3:     It affects your intelligence (-3).
   Slay+6:    It affects your accuracy & damage with ranged weapons and melee
   (+6).
   Will++:    It greatly increases your willpower.
   *Rage:     It berserks you when you make melee attacks (+50% chance).
Wands
 h - a wand of digging (30)
 k - a wand of flame (115)
 o - a wand of polymorph (11)
 y - a wand of iceblast (76)
 E - a wand of paralysis (20)
 H - a wand of mindburst (22)
 M - a wand of quicksilver (23)
Scrolls
 m - 7 scrolls of blinking
 p - 4 scrolls of revelation
 r - 5 scrolls of amnesia
 B - 2 scrolls of fog
 C - a scroll of poison
 F - 7 scrolls of teleportation
 G - 2 scrolls of enchant armour
 J - 13 scrolls of identify
 P - 2 scrolls of brand weapon
 R - a scroll of silence
 S - a scroll of vulnerability
 T - 3 scrolls of fear
 W - a scroll of immolation
Potions
 e - 2 potions of berserk rage
 f - 2 potions of invisibility
 g - 4 potions of magic
 i - 15 potions of curing
 j - 5 potions of heal wounds
 l - 4 potions of might
 n - 3 potions of ambrosia
 q - 8 potions of mutation
 u - 6 potions of resistance
 w - 6 potions of cancellation
 z - 8 potions of attraction
 A - 3 potions of enlightenment
 K - 2 potions of lignification
 N - 6 potions of haste
 V - 3 potions of brilliance


   Skills:
 + Level 18.5 Fighting
 - Level 18.0 Ranged Weapons
 + Level 18.2 Dodging
 - Level 0.7 Stealth
 - Level 10.0 Invocations


You had 18 spell levels left.
You didn't know any spells.
Your spell library contained the following spells:

 Spells                   Type           Power      Damage    Failure   Level
 Apportation              Tloc           0%         N/A       36%         1
 Kiss of Death            Conj/Necr      0%         2d5       36%         1
 Necrotise                Necr           0%         1d4       36%         1
 Summon Small Mammal      Summ           0%         N/A       36%         1
 Call Imp                 Summ           0%         N/A       50%         2
 Cigotuvi's Dreadful Rot  Necr/Alch/Air  0%         N/A       50%         2
 Ensorcelled Hibernation  Hex/Ice        0%         N/A       50%         2
 Jinxbite                 Hex            0%         N/A       50%         2
 Mercury Vapours          Alch/Air       0%         N/A       50%         2
 Static Discharge         Conj/Air       0%         3-3/arc   50%         2
 Sublimation of Blood     Necr           0%         N/A       50%         2
 Call Canine Familiar     Summ           0%         N/A       73%         3
 Confusing Touch          Hex            0%         N/A       73%         3
 Dazzling Flash           Conj/Hex       0%         N/A       73%         3
 Fugue of the Fallen      Necr           0%         N/A       73%         3
 Gell's Gravitas          Tloc           0%         N/A       73%         3
 Inner Flame              Hex/Fire       0%         N/A       73%         3
 Mephitic Cloud           Conj/Alch/Air  0%         N/A       73%         3
 Ozocubu's Armour         Ice            0%         N/A       73%         3
 Sigil of Binding         Hex            0%         N/A       73%         3
 Teleport Other           Tloc           0%         N/A       73%         3
 Tukima's Dance           Hex            0%         N/A       73%         3
 Vampiric Draining        Necr           0%         2d6       73%         3
 Volatile Blastmotes      Fire/Tloc      0%         2d10      73%         3
 Airstrike                Air            0%         2d(0-16)  98%         4
 Anguish                  Hex/Necr       0%         N/A       98%         4
 Animate Armour           Summ/Erth      0%         N/A       98%         4
 Animate Dead             Necr           0%         N/A       98%         4
 Cause Fear               Hex            0%         N/A       98%         4
 Dimensional Bullseye     Hex/Tloc       0%         N/A       98%         4
 Dispel Undead            Necr           0%         3d6       98%         4
 Flame Wave               Conj/Fire      0%         2d4       98%         4
 Ignite Poison            Fire/Alch      0%         N/A       98%         4
 Martyr's Knell           Necr/Summ      0%         N/A       98%         4
 Passage of Golubria      Tloc           0%         N/A       98%         4
 Petrify                  Alch/Erth      0%         N/A       98%         4
 Sticky Flame             Fire/Alch      0%         2d4       98%         4
 Summon Blazeheart Golem  Fire/Summ      0%         N/A       98%         4
 Summon Lightning Spire   Summ/Air       0%         N/A       98%         4
 Vhi's Electric Charge    Tloc/Air       0%         N/A       98%         4
 Alistair's Intoxication  Alch           0%         N/A       100%        5
 Arcjolt                  Conj/Air       0%         1d10      100%        5
 Borgnjor's Vile Clutch   Necr/Erth      0%         N/A       100%        5
 Curse of Agony           Necr           0%         N/A       100%        5
 Fireball                 Conj/Fire      0%         3d3       100%        5
 Freezing Cloud           Conj/Ice/Air   0%         6-21      100%        5
 Irradiate                Conj/Alch      0%         3d11      100%        5
 Lee's Rapid Deconstruct  Erth           0%         3d4*      100%        5
 Metabolic Englaciation   Hex/Ice        0%         N/A       100%        5
 Yara's Violent Unravell  Hex/Alch       0%         3d3       100%        5
 Conjure Ball Lightning   Conj/Air       0%         3x3d6     100%        6
 Death Channel            Necr           0%         N/A       100%        6
 Dispersal                Tloc           0%         N/A       100%        6
 Sculpt Simulacrum        Ice/Alch       0%         N/A       100%        6
 Starburst                Conj/Fire      0%         6d3       100%        6
 Enfeeble                 Hex            0%         N/A       100%        7
 Discord                  Hex            0%         N/A       100%        8
 Disjunction              Tloc           0%         N/A       100%        8
 Maxwell's Capacitive Co  Air            0%         ∞         100%        8
 Chain Lightning          Conj/Air       0%         N/A       100%        9
 Dragon's Call            Summ           0%         N/A       100%        9
 Fire Storm               Conj/Fire      0%         5d1       100%        9
 Shatter                  Erth           0%         3d5*      100%        9


Dungeon Overview and Level Annotations

Branches:
Dungeon (15/15)            Temple (1/1) D:5            Lair (5/5) D:10
  Swamp (4/4) Lair:2        Snake (4/4) Lair:2        Slime (0/5) Lair:4
    Orc (2/2) D:9             Elf (1/3) Orc:2        Vaults (0/5) D:13
 Depths (0/4) D:15         Bailey (visited)           IceCv (visited)
 WizLab (1/1)             Gauntlet (visited)

Altars:
Ashenzari
Cheibriados
Dithmenos
Elyvilon
Fedhas
Gozag
Hepliaklqana
Kikubaaqudgha
Makhleb
Nemelex Xobeh
Okawaru
Qazlal
Ru
Sif Muna
Trog
Uskayaw
Vehumet
Wu Jian
Xom
Yredelemnul
Zin
The Shining One
Beogh
Jiyva

Shops:
D:3 (   D:7 (   D:9 (   D:10 *   D:13 *   D:15 ?   Orc:2 *!(=*   Snake:2 =::

Portals:
Pandemonium: Orc:2

Annotations:
D:3 3 runed translucent doors, Konar's ghost, amateur CoHu
D:8 exclusion: 2 upstairs
D:10 3 runed translucent doors, Armakuni's ghost, journeyman CoAr
D:12 3 runed translucent doors, Stormracerdan's ghost, journeyman MiFi
Lair:4 3 runed translucent doors, Hiramiqi's ghost, journeyman TeFE
Elf:1 1 runed translucent door


Innate Abilities, Weirdness & Mutations

Your life essence is reduced to manifest your ancestor. (-10% HP)
You can wield a second weapon in your off-hand.
It takes a long time for you to wield or remove held weapons.
Your first few attacks do less damage.
You cannot equip rings or amulets.


Message History

Your butterfly dies!
Your butterfly disappears in a burst of colours!
Something hits you!!
You feel your power leaking away. Something hits your butterfly!!
Your butterfly dies!
Your butterfly disappears in a burst of colours!
As you read the scroll of teleportation, it crumbles to dust.
You feel strangely unstable.
Your butterfly is engulfed in blazing flames.
You kill your butterfly!
Your butterfly disappears in a burst of colours!
Something barely misses you. Something closely misses you.
Your butterfly is engulfed in blazing flames.
You kill your butterfly!
Your butterfly disappears in a burst of colours!
Something hits you.
* * * LOW HITPOINT WARNING * * *
You feel your power leaking away.
Your butterfly is engulfed in blazing flames.
You kill your butterfly!
Your butterfly disappears in a burst of colours!
Something hits your butterfly!
Your butterfly dies!
Your butterfly disappears in a burst of colours!
The mana viper barely misses your butterfly.
You hear some strange, mumbled words.
A shard of ice appears from out of thin air!
The shard of ice hits something.
You shoot a sling bullet. You shoot a slug.
Your surroundings suddenly seem different.
A hell knight, a necromancer and Vodoagguu come into view.
The hell knight is wielding a +2 antimagic morningstar.
The necromancer is wielding a +0 antimagic halberd and wearing a +1 ring mail of willpower.
Vodoagguu the Head Instructor is wielding two +1 antimagic triple swords and wearing a +1 plate armour of willpower.
Vodoagguu misses you.
Vodoagguu hits you with a +1 antimagic triple sword!
* * * LOW HITPOINT WARNING * * *
You feel your power leaking away.
Vodoagguu hits you with a +1 antimagic triple sword!!
You die...
Hepliaklqana delivers you to your ancestors. b.b..N.i#...#..~~~~..# .bß..#{S##♣.....~~..... .##b##bb.##..#......#... ....b .b..##...#..#...## ..... .....##........## ##### ###...# pp..

.
#...##♣..♣##...
.#....@........
.......@.......
.....##''##....
... ....# . .
.......
.........
..........+
#..##..##..#
#.. .... ..#


You could see Vodoagguu the Head Instructor, a hell knight and a necromancer.

Vanquished Creatures
  Jorgrun (Swamp:2)
  A tentacled monstrosity (Swamp:4)
  A quicksilver dragon (WizLab)
  Asterion (Snake:2)
  2 thorn hunters
  Aizul (Swamp:2)
  A rockslime (IceCv)
  2 azure jellies (IceCv)
  2 deep elf sorcerers (Elf:1)
  3 fenstrider witches (Swamp:4)
  5 nagarajas (Snake:4)
  An orc warlord (Orc:2)
  3 quicksilver oozes (IceCv)
  A dire elephant (Lair:5)
  10 eleionomae
  A minotaur (Gauntlet)
  4 bunyips
  Josephine (Orc:2)
  A green death (Swamp:4)
  A shambling mangrove (Swamp:4)
  6 vault guards (D:13)
  7 hydras
  A demonspawn (Orc:2)
  2 ogre magi
  2 spriggan air magi
  2 catoblepae (Lair:5)
  A salamander tyrant (Snake:3)
  4 ghost crabs
  7 alligators
  9 anacondas
  3 centaur warriors (D:13)
  A death knight (D:14)
  2 two-headed ogres
  4 boulder beetles
  A deep troll shaman (Lair:5)
  2 tengu warriors
  5 death yaks (Lair:5)
  5 orc high priests
  2 spriggan berserkers (Swamp:3)
  13 naga warriors
  An occultist (D:15)
  6 shock serpents
  4 naga sharpshooters
  4 goliath frogs
  A skyshark (Lair:5)
  4 salamander mystics (Snake:3)
  A sixfirhy (Swamp:4)
  2 sea snakes
  10 mana vipers
  Lodul (D:11)
  A bog body (Swamp:3)
  11 spriggan druids
  4 naga ritualists
  5 swamp dragons
  A wolf spider (D:15)
  A harpy (shapeshifter) (D:13)
  8 orc knights
  4 deep elf zephyrmancers
  3 oklob plants (Lair:4)
  4 deep elf pyromancers
  6 cyclopes
  3 manticores
  5 orc sorcerers
  2 ugly things (D:14)
  A cyclops (shapeshifter) (D:15)
  14 salamanders
  4 will-o-the-wisps
  11 elephants
  24 black mambas
  A kobold blastminer (Orc:2)
  2 smoke demons (Swamp:4)
  2 rust devils
  11 naga magi
  3 guardian serpents (Snake:4)
  3 orange demons (Swamp:4)
  7 cane toads
  An unseen horror (shapeshifter) (D:15)
  4 torpor snails
  A kobold demonologist (D:13)
  7 komodo dragons
  3 freezing wraiths
  An efreet (Gauntlet)
  2 rime drakes
  A tengu conjurer (D:13)
  10 trolls
  6 polar bears
  A bloated husk (Swamp:4)
  A red devil (Orc:2)
  3 hellwings (Swamp:4)
  6 tyrant leeches
  9 hornets
  2 blink frogs (Lair:5)
  20 slime creatures
  Sigmund (D:2)
  8 spriggans
  2 centaur simulacra
  2 wyverns
  3 ynoxinuls
  33 yaks
  4 humans (D:13)
  4 wraiths
  4 fire elementals
  2 basilisks
  2 steam dragons
  4 chaos spawn (Swamp:4)
  2 wargs (Orc:2)
  11 vampire mosquitoes
  Menkaure (D:6)
  32 nagas
  17 swamp worms
  9 water moccasins
  5 great orb of eyes simulacra (IceCv)
  2 hell hounds (Gauntlet)
  35 orc warriors
  5 swamp drakes
  9 ice beasts
  20 ogres
  2 black bears
  16 wolves
  A boggart (shapeshifter) (D:15)
  9 centaurs
  A phantom (D:7)
  5 slime creature simulacra (IceCv)
  A kobold brigand (D:8)
  8 bullfrogs
  2 gnoll sergeants
  2 scorpions
  6 glowing shapeshifter simulacra (IceCv)
  14 wights
  A hornet simulacrum (Gauntlet)
  8 killer bees
  8 electric eels
  5 howler monkeys
  A jelly (D:6)
  3 hounds (D:6)
  2 bombardier beetles
  18 orc priests
  5 iguanas
  2 iron imps (Gauntlet)
  A sleepcap (D:4)
  12 orc wizards
  Robin (D:2)
  18 gnolls
  3 adders
  3 shadow imps
  3 white imps
  An ufetubus (D:7)
  4 ribbon worms
  A dart slug (D:2)
  55 orcs
  7 ball pythons
  4 bats
  5 endoplasms
  4 giant cockroaches (D:1)
  17 goblins
  5 hobgoblins
  11 jackals
  2 quokkas (D:1)
  2 frilled lizards (D:1)
  10 kobolds
  7 rats
  A spectral weapon (Snake:2)
889 creatures vanquished.

Vanquished Creatures (collateral kills)
  2 nagarajas (Snake:4)
  An azure jelly (IceCv)
  An eleionoma (Swamp:4)
  2 bunyips
  A shambling mangrove (Swamp:2)
  An anaconda (Snake:4)
  A centaur warrior (D:13)
  An alligator (Swamp:2)
  A catoblepas (Lair:5)
  A ghost crab (Swamp:1)
  A two-headed ogre (D:8)
  2 death yaks (Lair:5)
  A shock serpent (Snake:1)
  A shock serpent (shapeshifter) (D:15)
  An orc high priest (Orc:2)
  Sonja (Lair:2)
  A naga warrior (Snake:4)
  3 naga sharpshooters
  A soul eater (Swamp:4)
  An arcanist (Swamp:4)
  A bog body (Swamp:2)
  A spriggan druid (Swamp:2)
  An orange crystal statue (IceCv)
  5 sea snakes (Snake:4)
  A naga ritualist (Snake:4)
  A swamp dragon (Lair:3)
  A mana viper (Snake:3)
  4 orc sorcerers (Orc:2)
  A deep elf zephyrmancer (Elf:1)
  3 ugly things (D:14)
  A manticore (D:15)
  2 salamanders
  3 guardian serpents (Snake:4)
  3 cane toads
  11 elephants
  A molten gargoyle (Lair:1)
  An orange demon (Swamp:4)
  4 naga magi
  8 black mambas
  2 ice statues
  A smoke demon (Orc:2)
  A gargoyle (D:12)
  An unseen horror (D:12)
  A rime drake (Lair:3)
  A komodo dragon (Lair:2)
  2 trolls
  A hornet (Swamp:4)
  A blink frog (Lair:5)
  3 slime creatures
  A centaur simulacrum (Gauntlet)
  A shadow (D:12)
  2 spriggans
  3 wyverns
  3 wraiths
  A vampire (D:13)
  8 yaks
  A human (D:13)
  2 wargs
  6 vampire mosquitoes
  A steam dragon (D:9)
  3 basilisks
  2 swamp worms
  6 nagas
  6 water moccasins
  3 black bears
  8 orc warriors
  2 ice beasts (Lair:3)
  2 swamp drakes
  3 ogres
  3 centaurs
  3 wolves
  A kobold brigand (D:9)
  2 gnoll sergeants
  3 bullfrogs
  4 killer bees (D:10)
  A crimson imp (D:9)
  A hound (D:7)
  A gnoll bouda (D:9)
  4 orc priests
  An iron imp (Gauntlet)
  6 gnolls
  17 orcs
  A kobold (D:9)
204 creatures vanquished.

Vanquished Creatures (others)
  A goliath frog (Swamp:1)
  A bloated husk (Swamp:1)
  A human (D:13)
  A swamp worm (Swamp:1)
  4 ancestors
  45 battlemagi
  4 foxfires (Swamp:1)
57 creatures vanquished.

Grand Total: 1150 creatures vanquished

Notes
Turn   | Place    | Note
-------+----------+-------------------------------------------
     0 | D:1      | Konar the Coglin Hunter began the quest for the Orb.
     0 | D:1      | Reached XP level 1. HP: 16/16 MP: 1/1
   218 | D:1      | Reached XP level 2. HP: 22/22 MP: 2/2
   665 | D:2      | Noticed Sigmund
   671 | D:2      | Noticed Robin
   774 | D:2      | Reached XP level 3. HP: 27/27 MP: 3/3
   808 | D:2      | Killed Sigmund
   809 | D:2      | Reached XP level 4. HP: 18/33 MP: 4/4
   809 | D:2      | Reached XP level 5. HP: 21/38 MP: 5/5
  1156 | D:2      | Killed Robin
  1157 | D:2      | Reached XP level 6. HP: 31/44 MP: 6/6
  1539 | D:3      | Found a hide-covered altar of Uskayaw.
  1567 | D:3      | Found Iteeselae's Antique Weapon Shop.
  1700 | D:3      | Found a runed translucent gate.
  1701 | D:3      | Found a runed translucent gate.
  1702 | D:3      | Found a runed translucent gate.
  1702 | D:3      | Noticed Konar's ghost (amateur CoHu)
  1704 | D:3      | Identified the +0 chain mail of Gravity {*Corrode Int+3}
  1988 | D:3      | Found a roughly hewn altar of Beogh.
  2169 | D:4      | Identified the +0 pair of gloves of Resonance {rElec rPois
                  | Int+6 Dex-2}
  2457 | D:4      | Identified the +3 falchion of Yled {venom, *Rage rPois rF++
                  | Will-}
  2603 | D:4      | Noticed a steam dragon
  2789 | D:4      | You fall into a shaft and drop 1 floor!
  2789 | D:5      | Entered Level 5 of the Dungeon
  2809 | D:5      | Reached XP level 7. HP: 50/50 MP: 7/7
  2995 | D:4      | Got the Secrets of the Swarm and Pyromania
  3246 | D:4      | Identified the ring "Yruitwum" {rPois rF+ AC+4 Dex-5}
  3485 | D:5      | Found a staircase to the Ecumenical Temple.
  3709 | D:5      | Reached XP level 8. HP: 49/56 MP: 8/8
  3742 | Temple   | Entered the Ecumenical Temple
  3755 | Temple   | Became a worshipper of Hepliaklqana the Forgotten
  4266 | D:6      | Reached skill level 10 in Ranged Weapons
  4393 | D:6      | Found the +3 salamander hide armour {Flames, rFlCloud rF++
                  | rC--}
  4603 | D:6      | Identified the +0 robe of Disappointment {Fly Int+3 Dex+2}
  4782 | D:6      | Noticed Menkaure
  4788 | D:6      | Killed Menkaure
  4789 | D:6      | Reached XP level 9. HP: 56/61 MP: 9/9
  5245 | D:7      | Reached * piety under Hepliaklqana
  5340 | D:7      | Found a broken altar of Ashenzari.
  5384 | D:7      | Found Cuper's Weapon Emporium.
  5419 | D:7      | Found a bloodstained altar of Trog.
  5670 | D:8      | Found a flagged portal.
  5672 | D:8      | Noticed a two-headed ogre
  5680 | D:8      | Killed a two-headed ogre
  5686 | Bailey   | Entered a bailey
  5704 | Bailey   | Reached XP level 10. HP: 60/60 MP: 10/10
  5795 | Bailey   | Noticed a two-headed ogre
  5806 | Bailey   | Killed a two-headed ogre
  6041 | D:7      | Noticed a cyclops
  6057 | D:7      | Killed a cyclops
  6114 | D:7      | Noticed a tengu warrior
  6120 | D:7      | Noticed a deep elf pyromancer
  6168 | D:8      | Reached skill level 5 in Dodging
  6187 | D:8      | Reached XP level 11. HP: 70/70 MP: 11/11
  6303 | D:8      | Found a snail-covered altar of Cheibriados.
  6446 | D:8      | Reached ** piety under Hepliaklqana
  6447 | D:8      | Remembered your ancestor Arma as a battlemage
  6449 | D:8      | Found a glowing silver altar of Zin.
  6809 | D:9      | Found Quvis's Antique Weapon Emporium.
  6839 | D:9      | Reached skill level 5 in Fighting
  7000 | D:9      | Found a staircase to the Orcish Mines.
  7337 | D:9      | Found a shimmering blue altar of Sif Muna.
  7497 | D:9      | Found a burning altar of Makhleb.
  7497 | D:9      | Found a radiant altar of Vehumet.
  7553 | D:10     | Entered Level 10 of the Dungeon
  7655 | D:10     | Found Suptiaf's Mayhem Merchandise.
  7769 | D:10     | Found a staircase to the Lair.
  7819 | D:10     | Noticed a manticore
  7828 | D:10     | Killed a manticore
  7902 | D:10     | Found a sacrificial altar of Ru.
  7988 | D:10     | Found a runed translucent gate.
  7988 | D:10     | Found a runed translucent gate.
  7988 | D:10     | Found a runed translucent gate.
  7989 | D:10     | Noticed Armakuni's ghost (journeyman CoAr)
  7990 | D:10     | Noticed a great orb of eyes
  8367 | D:10     | Found a viscous altar of Jiyva.
  8372 | D:11     | Noticed Lodul
  8478 | D:11     | Killed Lodul
  8689 | D:11     | Reached *** piety under Hepliaklqana
  8747 | D:11     | Noticed a cyclops
  8754 | D:11     | Killed a cyclops
  8755 | D:11     | Reached XP level 12. HP: 81/81 MP: 12/12
  9415 | D:12     | Noticed Stormracerdan's ghost (journeyman MiFi)
  9415 | D:12     | Found a runed translucent gate.
  9415 | D:12     | Found a runed translucent gate.
  9415 | D:12     | Found a runed translucent gate.
  9513 | D:12     | Noticed a boulder beetle
  9537 | D:12     | Killed a boulder beetle
  9538 | D:12     | Reached skill level 10 in Dodging
  9708 | D:12     | Identified the ring "Jautaup" {rN++ MP+9 Dex+4 Stlth-}
  9755 | D:12     | Reached **** piety under Hepliaklqana
  9782 | D:12     | Paralysed by a centaur for 3 turns
  9831 | D:12     | Reached skill level 1 in Invocations
  9996 | D:12     | Noticed a boulder beetle
 10030 | D:12     | Killed a boulder beetle
 10445 | Lair:1   | Entered Level 1 of the Lair of Beasts
 10706 | Lair:1   | Reached skill level 5 in Invocations
 11281 | Lair:2   | Reached XP level 13. HP: 78/88 MP: 18/18
 11634 | Lair:2   | Found a staircase to the Snake Pit.
 11634 | Lair:2   | Reached ***** piety under Hepliaklqana
 12234 | Lair:2   | Found a staircase to the Swamp.
 12433 | Lair:2   | Noticed Sonja
 12443 | Lair:2   | Killed Sonja
 12506 | Lair:3   | Reached skill level 10 in Invocations
 13468 | Lair:3   | Reached XP level 14. HP: 97/97 MP: 21/21
 13468 | Lair:3   | Acquired a superexperimental transmogrifier {RevParry, rC+
                  | Slay+3}
 13780 | Lair:3   | Reached skill level 10 in Fighting
 14446 | Lair:4   | Found a runed translucent gate.
 14446 | Lair:4   | Found a staircase to the Slime Pits.
 14502 | Lair:4   | Found a runed translucent gate.
 14503 | Lair:4   | Found a runed translucent gate.
 14548 | Lair:4   | Noticed Hiramiqi's ghost (journeyman TeFE)
 15171 | Lair:5   | Entered Level 5 of the Lair of Beasts
 15998 | Lair:5   | Noticed a dire elephant
 16015 | Lair:5   | Killed a dire elephant
 16178 | Lair:5   | Reached ****** piety under Hepliaklqana
 16971 | Orc:1    | Entered Level 1 of the Orcish Mines
 16974 | Orc:1    | Paralysed by an orc sorcerer for 4 turns
 17102 | Orc:2    | Entered Level 2 of the Orcish Mines
 17121 | Orc:2    | Found a staircase to the Elven Halls.
 17178 | Orc:2    | Reached XP level 15. HP: 108/108 MP: 22/22
 17215 | Orc:2    | Found Suveriar's General Store.
 17223 | Orc:2    | Found Ganegeof's Distillery.
 17234 | Orc:2    | Bought a potion of heal wounds for 65 gold pieces
 17234 | Orc:2    | Bought a scroll of brand weapon for 123 gold pieces
 17234 | Orc:2    | Bought a potion of heal wounds for 65 gold pieces
 17237 | Orc:2    | Bought a potion of heal wounds for 90 gold pieces
 17237 | Orc:2    | Bought a potion of mutation for 144 gold pieces
 17237 | Orc:2    | Bought a potion of resistance for 180 gold pieces
 17237 | Orc:2    | Bought a potion of invisibility for 144 gold pieces
 17237 | Orc:2    | Bought a potion of heal wounds for 90 gold pieces
 17347 | Orc:2    | Noticed an orc warlord
 17360 | Orc:2    | Killed an orc warlord
 17422 | Orc:2    | Noticed Josephine
 17429 | Orc:2    | Killed Josephine
 17440 | Orc:2    | Found a roughly hewn altar of Beogh.
 18114 | Orc:2    | Found Neicopad's Antique Weapon Boutique.
 18114 | Orc:2    | Found Ful Ath's Jewellery Shop.
 18115 | Orc:2    | Found a one-way gate leading to the halls of Pandemonium.
 18253 | Orc:2    | Found Jiurreif's General Store.
 18748 | Orc:1    | Found a roughly hewn altar of Beogh.
 19594 | D:13     | Found Ziul's CLEARANCE SALE!.
 19806 | D:13     | Reached XP level 16. HP: 102/120 MP: 23/23
 19815 | D:13     | Identified the +0 plate armour "Sifuing" {^Drain rElec
                  | Int+4 SInv}
 19861 | D:13     | Found a gate to the Vaults.
 19948 | D:14     | Found a gate leading to a gauntlet.
 19961 | Gauntlet | Entered a Gauntlet
 19961 | Gauntlet | Found the necklace of Bloodlust {Fury *Rage Will++ Int-3
                  | Slay+6}
 19961 | Gauntlet | Found a transporter.
 19961 | Gauntlet | Found a transporter.
 19977 | Gauntlet | Found a transporter.
 19981 | Gauntlet | Found a transporter.
 19991 | Gauntlet | Found a transporter.
 19995 | Gauntlet | Found a transporter.
 20005 | Gauntlet | Found a transporter.
 20027 | Gauntlet | Found a transporter.
 20044 | Gauntlet | Found a transporter.
 20048 | Gauntlet | Found a transporter.
 20058 | Gauntlet | Found a transporter.
 20062 | Gauntlet | Found a transporter.
 20116 | Gauntlet | Identified a scroll of acquirement
 20117 | Gauntlet | Acquired a +0 heavy hand cannon
 20258 | Gauntlet | Identified the amulet "Rayrches" {Regen+ Int+3}
 20301 | Gauntlet | Identified the +9 lajatang of Taxation {flame, rC- Dex+6
                  | SInv}
 20451 | Gauntlet | Identified the staff "Noafonit" {rF+ rC+ rN+ Ice}
 21158 | D:15     | Entered Level 15 of the Dungeon
 21290 | D:15     | Reached skill level 15 in Ranged Weapons
 21292 | D:15     | Found a staircase to the Depths.
 21755 | D:15     | Found Iqioluk's Magic Scroll Shoppe.
 21783 | D:15     | Bought a scroll of blinking for 150 gold pieces
 22037 | Swamp:1  | Entered Level 1 of the Swamp
 22037 | Swamp:1  | Noticed a thorn hunter
 22045 | Lair:2   | Killed a thorn hunter
 23218 | Swamp:2  | Identified the serpent talisman of the Northern Lights
                  | {SInv}
 23218 | Swamp:2  | Noticed Aizul
 23225 | Swamp:2  | Killed Aizul
 23380 | Swamp:2  | Noticed Jorgrun
 23384 | Swamp:2  | Killed Jorgrun
 24015 | Swamp:2  | Reached XP level 17. HP: 126/126 MP: 24/24
 24658 | Swamp:4  | Entered Level 4 of the Swamp
 25220 | Swamp:4  | Got the Enchiridion on Omens and the Lungs
 25273 | Swamp:4  | Reached skill level 15 in Dodging
 25463 | Swamp:4  | Reached skill level 15 in Fighting
 25634 | Swamp:4  | Got a decaying rune of Zot
 25944 | Swamp:4  | Noticed a tentacled monstrosity
 25949 | Swamp:4  | Killed a tentacled monstrosity
 26192 | Snake:1  | Entered Level 1 of the Snake Pit
 26759 | Snake:1  | Reached XP level 18. HP: 135/135 MP: 25/25
 27401 | Snake:2  | Noticed Asterion
 27410 | Snake:2  | Killed Asterion
 27483 | Snake:2  | Found a flickering gateway to a bazaar.
 27488 | Bazaar   | Entered a bazaar
 27488 | Bazaar   | Found Byjyrod's Armour Emporium.
 27488 | Bazaar   | Found Ynor's Assorted Antiques.
 27488 | Bazaar   | Found Locaes's Weapon Emporium.
 27508 | Bazaar   | Bought a heavily runed cloak for 199 gold pieces
 27508 | Bazaar   | Identified the +1 cloak of the Slorg {^Contam Int+5} (You
                  | bought it in a shop in a bazaar)
 27508 | Bazaar   | Bought a bloodstained ring mail for 189 gold pieces
 27508 | Bazaar   | Identified the +4 ring mail "Pacangyi" {MP+9} (You bought
                  | it in a shop in a bazaar)
 27508 | Bazaar   | Bought a potion of cancellation for 168 gold pieces
 27622 | Snake:2  | Found a glacial archway.
 27667 | IceCv    | Entered an ice cave
 28135 | IceCv    | Identified the +5 ice dragon scales of Dramatic Exits {rF-
                  | rC++ Regen+}
 28312 | IceCv    | Found a viscous altar of Jiyva.
 28375 | IceCv    | Identified the amulet of Salvation {Spirit +Inv rN+ Dex+7
                  | Stlth-}
 28545 | Snake:2  | Found Cajeyqeh's Jewellery Shoppe.
 28545 | Snake:2  | Found Onokosir's Book Shop.
 28546 | Snake:2  | Found Nieraoh's Book Shop.
 30094 | Snake:4  | Entered Level 4 of the Snake Pit
 30353 | Snake:4  | Reached XP level 19. HP: 117/145 MP: 26/26
 30779 | Snake:4  | Got a serpentine rune of Zot
 31352 | Elf:1    | Entered Level 1 of the Elven Halls
 31352 | Elf:1    | Found a runed translucent gate.
 31352 | Elf:1    | Found a runed translucent gate.
 31352 | Elf:1    | Found a runed translucent gate.
 31352 | Elf:1    | Found a runed translucent gate.
 31352 | Elf:1    | Found a runed translucent gate.
 31352 | Elf:1    | Found a runed translucent gate.
 31353 | Elf:1    | Found a runed translucent door.
 31362 | Elf:1    | Found a runed translucent door.
 31400 | Elf:1    | Found a magical portal.
 31409 | WizLab   | Entered Yara's Duelist Academy
 31461 | WizLab   | Noticed Vodoagguu
 31461 | WizLab   | Slain by Vodoagguu the Head Instructor

Illustrated notes

Levels and vault maps discovered:
D:1:      minmay_arrival_stair_chambers, layout_loops_ring
D:2:      layout_basic, uniq_robin, uniq_sigmund
D:3:      layout_basic, mainiacjoe_overflow_surrounded_room, serial_shops,
          nicolae_square_shop, biasface_ghost_orc_armoury, nicolae_wormholes
D:4:      layout_gridville
D:5:      layout_rooms, minmay_temple_entry_mini_moons,
          serial_library_hellmonk_h_bend
D:6:      layout_loops_ring, kennysheep_donut, uniq_menkaure
D:7:      minmay_klotski, layout_basic, ashenzari_altar_1,
          mainiacjoe_overflow_six_doors_small, serial_demonic, serial_demonic_g,
          serial_demonic_g, serial_demonic_a, serial_demonic_g, serial_shops,
          nicolae_shop_rolling_square
D:8:      layout_rooms, mainiacjoe_overflow_concentric_impassable,
          mainiacjoe_overflow_tiny_flanked, enter_bailey_2
D:9:      minmay_spotlight, layout_loops_ring,
          grunt_temple_overflow_lords_of_destruction, general_overflow_altar,
          serial_shops, nicolae_shop_crystal
D:10:     layout_roguey, nicolae_ru_sacrificial_ziggurat,
          due_lair_maze_entry_diamond, gammafunk_ghost_ooze, minmay_shop_mayhem
D:11:     layout_loops_corners, uniq_lodul
D:12:     layout_grid_maze, gammafunk_ghost_nasty_kobolds
D:13:     layout_roguey, ximxim_vaults_locker_room, nicolae_shop_clearance
D:14:     layout_gridville, gauntlet_entry_generic
D:15:     hangedman_depths_entry_try_elsewhere_first, layout_basic,
          serial_shops, shop
Temple:   compressed_dpeg_triangle_lava_temple
Lair:1:   layout_gridlike, serial_bayou_shore_b, serial_bayou_shore_b
Lair:2:   layout_regular_city, mainiacjoe_swamp_entry_angry_trees,
          guppyfry_snake_entry_island, pdpol_lair_cavern_descent, uniq_sonja
Lair:3:   onia_ninara_swampy_vault, layout_long_grid,
          chequers_serial_rivers_micro_e, ice2_lemuel, grunt_megastairs_3
Lair:4:   layout_hall_layers, minmay_slime_entry_oklob_open,
          gammafunk_ghost_necromancy, st_stairs_11,
          chequers_serial_rivers_micro_a, minivault_23, patterned_corridor
Lair:5:   grunt_lair_end_beastmaster, layout_layer_cave, nzn_sisyphean_effort,
          infiniplex_staircase_pool, lemuel_fruit_tree, serial_bayou_shore_b
Swamp:1:  layout_basic_swamp, nicolae_swamp_big_swirl, swamp_pool_4
Swamp:2:  layout_basic_swamp, evilmike_swamp_ruin_house_2, swamp_pool_3,
          hangedman_swamp_grove, uniq_aizul, uniq_jorgrun
Swamp:3:  layout_basic_swamp, nicolae_swamp_tree_designs
Swamp:4:  nzn_swamp_witches_coven, layout_basic_swamp
Snake:1:  layout_chambers, nicolae_integral_box
Snake:2:  layout_cave_town, portal_ice_cave_entry_ice_statue_one, serial_shops,
          bzr_entry_road, serial_bayou_shore_a, minmay_shop_grove, uniq_asterion
Snake:3:  layout_misc_corridors, st_stairs_2,
          nicolae_snake_yet_another_twisty_hallway
Snake:4:  grunt_snake_rune_pools, layout_misc_corridors
Orc:1:    layout_caves, special_room [special_room_orc]
Orc:2:    pf_orc_diabolical, layout_caves, serial_shops, shop,
          nicolae_orc_beogh_chapel, uniq_josephine
Elf:1:    nicolae_elf_arrival_dilemma, layout_loops_corners, mu_enter_wizlab_5,
          nicolae_elf_crossing_hall
WizLab:   wizlab_yara

Skill      XL: |  1  2  3  4  5  6  7  8  9 10 11 12 13 14 15 16 17 18 19 |
---------------+----------------------------------------------------------+-----
Ranged Weapons | 4 6 7 9 11 13 14 17 18 | 18.0
Dodging        | 5 9 10 11 13 14 16 17 18 | 18.2
Fighting       | 4 7 8 9 12 14 15 17 18 | 18.5
Invocations    | 7 10 | 10.0
Stealth        | |  0.7

Action                     |  1- 3 |  4- 6 |  7- 9 | 10-12 | 13-15 | 16-18 | 19-21 || total
---------------------------+-------+-------+-------+-------+-------+-------+-------++-------
   Fire: Sling             |   140 |   226 |   596 |  1356 |  2554 |   848 |   122 ||  5842
         Hand cannon       |       |       |       |       |       |   778 |   122 ||   900
 Invoke: Ancestor Identity |       |       |     1 |       |       |       |       ||     1
         Ancestor Life: Ba |       |       |       |     1 |       |       |       ||     1
         Recall Ancestor   |       |       |       |     3 |     1 |     2 |       ||     6
Ability: Invent Gizmo      |       |       |       |       |     1 |       |       ||     1
    Use: Scroll            |     6 |     3 |    10 |    12 |     5 |    11 |     4 ||    51
         Potion            |       |       |       |       |     3 |       |     4 ||     7
 Armour: Leather armour    |    13 |    35 |    50 |    49 |   147 |   165 |    44 ||   503
  Dodge: Dodged            |    17 |    27 |    43 |    50 |   204 |   150 |    80 ||   571

Table legend: (Time is in decaauts)
 A = Elapsed time spent in this place.
 B = Non-inter-level travel time spent in this place.
 C = Inter-level travel time spent in this place.
 D = Time resting spent in this place.
 E = Time spent auto-exploring this place.
 F = Levels seen in this place.
 G = Mean time per level.
                   A        B        C        D        E       F      G
               +--------+--------+--------+--------+--------+-----+--------+
         Total |  31478 |  28586 |   2892 |   3769 |  19367 |  37 |  850.8 |
       Dungeon |  12538 |  11119 |   1419 |    750 |   8444 |  15 |  835.9 |
        Temple |     26 |      2 |     24 |      0 |      0 |   1 |   26.0 |
          Lair |   6972 |   6347 |    625 |   1163 |   4119 |   5 | 1394.4 |
         Swamp |   3943 |   3666 |    277 |    597 |   2473 |   4 |  985.8 |
     Snake Pit |   4302 |   3964 |    338 |    476 |   2815 |   4 | 1075.5 |
  Orcish Mines |   1930 |   1747 |    183 |    208 |   1140 |   2 |  965.0 |
   Elven Halls |     58 |     33 |     25 |      9 |      0 |   1 |   58.0 |
        Bazaar |     30 |     30 |      0 |      0 |      0 |   1 |   30.0 |
        Bailey |    320 |    320 |      0 |     91 |    110 |   1 |  320.0 |
      Ice Cave |    802 |    802 |      0 |    224 |    232 |   1 |  802.0 |
        Wizlab |     55 |     55 |      0 |      0 |      0 |   1 |   55.0 |
      Gauntlet |    496 |    496 |      0 |    249 |     31 |   1 |  496.0 |
               +--------+--------+--------+--------+--------+-----+--------+

Top non-repeatable levels by time:
  Lair:2: 1947 daAuts
  Lair:3: 1727 daAuts
  Lair:5: 1603 daAuts
     D:4: 1316 daAuts
   Orc:2: 1304 daAuts
 Snake:1: 1217 daAuts
 Snake:2: 1164 daAuts
 Swamp:4: 1136 daAuts
 Swamp:2: 1088 daAuts
 Snake:4: 1056 daAuts
     D:6: 1019 daAuts
    D:11: 1010 daAuts
 Swamp:3: 993 daAuts
    D:12: 987 daAuts
    D:10: 921 daAuts
